 Dungeon Crawl Stone Soup version 0.22-a0-278-g8f80174 (webtiles) character file.

39 b5mith the Skirmisher (level 3, -2/49 HPs)
             Began as a Hill Orc Berserker on Mar 15, 2018.
             Was a Follower of Trog.
             Slain by Sigmund
             ... wielding a +0 scythe
              (9 damage)
             ... on level 2 of the Dungeon.
             The game lasted 00:03:07 (1197 turns).

b5mith the Skirmisher (Hill Orc Berserker)          Turns: 1197, Time: 00:03:07

Health: -2/49      AC:  1    Str: 25    XL:     3   Next: 45%
Magic:  3/3        EV: 12    Int:  7    God:    Trog [*.....]
Gold:   28         SH:  0    Dex: 15    Spells: 2/2 levels left

rFire    . . .     SeeInvis .   a - +0 falchion
rCold    . . .     Gourm    .   (no shield)
rNeg     . . .     Faith    .   l - -2 leather armour (curse)
rPois    .         Spirit   .   (no helmet)
rElec    .         Reflect  .   (no cloak)
rCorr    .         Harm     .   (no gloves)
MR       .....                  (no boots)
Stlth    ..........             (no amulet)
HPRegen  0.16/turn              g - +5 ring of dexterity
MPRegen  0.08/turn              (no ring)

@: berserking, very quick
A: no striking features
a: Berserk, Renounce Religion


You were on level 2 of the Dungeon.
You worshipped Trog.
Trog was aware of your devotion.
You were hungry.

You visited 1 branch of the dungeon, and saw 2 of its levels.

You collected 28 gold pieces.

Inventory:

Hand Weapons
 a - a +0 falchion (weapon)
Armour
 b - a +0 animal skin
 j - a +0 leather armour
 l - a cursed -2 leather armour (worn)
Jewellery
 g - a +5 ring of dexterity (left hand)
Scrolls
 d - 2 scrolls of identify {unknown}
 k - 2 scrolls of enchant armour {unknown}
Potions
 e - a potion of flight {unknown}
 f - 2 potions of agility {unknown}
 h - a potion of heal wounds {unknown}
Comestibles
 c - 2 rations
 i - a chunk of flesh


   Skills:
 + Level 4.1 Fighting
 + Level 3.7 Long Blades
 + Level 2.7 Armour
 + Level 2.0 Dodging


You had 2 spell levels left.
You didn't know any spells.

Dungeon Overview and Level Annotations

Branches:
Dungeon (2/15)

Altars:

Annotations:
D:2 Sigmund


Message History

Sigmund points at you and mumbles some strange words.
You are confused.
You bump into the rock wall.
Some of the chunks of flesh in your inventory have rotted away.
You bump into the rock wall.
You feel less confused.
Sigmund hits you from afar with a scythe!
You barely miss Sigmund.
Sigmund gestures wildly while chanting.
Sigmund flickers and vanishes!
Deactivating autopickup; reactivate with Ctrl-A.
You hear some strange, mumbled words.
A puff of flame appears from out of thin air!
The puff of flame hits you!
* * * LOW HITPOINT WARNING * * *
A red film seems to cover your vision as you go berserk!
You feel yourself moving faster!
You feel mighty!
You are feeling hungry.
Something hits you!
You die...

#.#.%#
#.#..# #
....#.#
#.#.###..#.#
....@>.....#
.#.###..###
#.(# ###{.#
#.@..#
#....#
#...####.
#<.......
#########


There were no monsters in sight!

Vanquished Creatures
  A gnoll (D:1)
  3 dart slugs
  2 ball pythons (D:1)
  6 goblins (D:1)
  A hobgoblin (D:1)
  4 bats (D:1)
  A frilled lizard (D:1)
  3 kobolds (D:1)
  A rat (D:1)
22 creatures vanquished.

Notes
Turn   | Place    | Note
-------+----------+-------------------------------------------
     0 | D:1      | b5mith the Hill Orc Berserker began the quest for the Orb.
     0 | D:1      | Reached XP level 1. HP: 19/19 MP: 1/1
   330 | D:1      | Reached XP level 2. HP: 10/27 MP: 2/2
   838 | D:1      | Reached skill level 4 in Fighting
   914 | D:1      | Reached XP level 3. HP: 30/33 MP: 3/3
  1187 | D:2      | Noticed Sigmund
  1197 | D:2      | Slain by Sigmund

Vault maps used:
D:1:      dpeg_arrival_long_road, glass_columns_b, lemuel_old_faithful
D:2:      lemuel_round_altar, tgw_kikubaaqudgha, uniq_terence, uniq_sigmund

Skill      XL: |  1  2  3 |
---------------+----------+-----
Fighting       | 4 |  4.1
Dodging        | 2 |  2.0
Long Blades    | |  3.7
Armour         | |  2.7

Action                   || total
-------------------------++-------
Melee: Falchion          ||    54
Invok: Berserk           ||     1
  Eat: Chunk             ||     1
Armor: Animal skin       ||    16
       Leather armour    ||     4
Dodge: Dodged            ||    53
       Rpst.: Falchion   ||    19

Table legend:
 A = Spawn XP
 B = Non-spawn XP
 C = Spawn XP percentage of total XP
 D = Spawn monster count
 E = Non-spawn monster count
 F = Spawn count percentage of total count
 G = Total turns spent on level
                    A         B        C        D         E        F      G
               +---------+---------+-------+---------+---------+-------+---------
         Total |       0 |      56 |   0.0 |       0 |      22 |   0.0 |  1197
               +---------+---------+-------+---------+---------+-------+---------
           D:1 |       0 |      52 |   0.0 |       0 |      21 |   0.0 |  1173
           D:2 |       0 |       4 |   0.0 |       0 |       1 |   0.0 |    24
               +---------+---------+-------+---------+---------+-------+---------
